 Dungeon Crawl Stone Soup version 0.14-a0-840-g06343e3 (webtiles) character file.

359 Impy the Skirmisher (level 6, -6/41 HPs)
             Began as a Formicid Wanderer on Nov 13, 2013.
             Mangled by an ogre
             ... wielding a +0,+0 great mace
              (11 damage)
             ... on Level 4 of the Dungeon.
             The game lasted 00:12:20 (2144 turns).

Impy the Skirmisher (Formicid Wanderer)             Turns: 2144, Time: 00:12:21

HP  -6/41        AC  6     Str 23      XL: 6   Next: 64%
MP   7/7         EV 10     Int 11      God:
Gold 106         SH  0     Dex  8      Spells:  0 memorised,  5 levels left

Res.Fire  : + . .   See Invis. : +   n - +0 giant spiked club
Res.Cold  : . . .   Warding    : .   g - +0 ring mail
Life Prot.: . . .   Conserve   : .   (no shield)
Res.Poison: x       Res.Corr.  : .   (helmet unavailable)
Res.Elec. : +       Clarity    : .   (no cloak)
Sust.Abil.: . .     Spirit.Shd : .   (no gloves)
Res.Mut.  : .       Stasis     : +   (no boots)
Res.Rott. : .       Flight     : .   (no amulet)
Saprovore : . . .                    (no ring)
                                     (no ring)

@: slightly resistant to hostile enchantments, extremely unstealthy
A: permanent stasis, dig shafts and tunnels, four strong arms, poison weakness,
antennae 3, blurry vision 1, fire resistance 1, electricity resistance,
exoskeleton 1, Str +2
a: Dig, Shaft Self


You were on level 4 of the Dungeon.
You were not hungry.

You visited 1 branch of the dungeon, and saw 4 of its levels.

You collected 106 gold pieces.

Inventory:

Hand weapons
 a - a +3,+2 mace
 b - a +0,+0 hand axe
 n - a +0,+0 giant spiked club (weapon)
Armour
 c - a +0 robe
 e - a +0 leather armour
 f - a +3 shield
 g - a +0 ring mail (worn)
Comestibles
 d - 2 bread rations
 j - a cheese
 k - a pear
 m - an apricot
 p - a lychee
Scrolls
 h - 2 scrolls of identify
 i - 2 scrolls of remove curse {unknown}
 o - a scroll of enchant weapon I
 q - a scroll of fear {unknown}
Potions
 l - a potion of restore abilities
 t - a potion of heal wounds


   Skills:
 + Level 5.2 Fighting
 + Level 3.5 Maces & Flails
   Level 1.0 Bows
 - Level 1.0 Throwing
 + Level 3.7 Armour
 - Level 0.1 Dodging
   Level 2.0 Shields
   Level 1.1 Evocations


You had 5 spell levels left.
You didn't know any spells.

Dungeon Overview and Level Annotations

Branches:
Dungeon (4/16)
 Temple: D:4-7

Altars:

Annotations:
D:3 Sigmund


Innate Abilities, Weirdness & Mutations

Your are under a permanent stasis effect.
You can dig through walls and to a lower floor.
Your four strong arms can wield any weapon, most with a shield.
You are susceptible to poison.
You have a pair of large antennae on your head (SInv).
Your body is surrounded by an exoskeleton. (HP +5, AC +1)
Your vision is a little blurry.
Your flesh is heat resistant.
You are resistant to electric shocks.
Your muscles are strong. (Str +2)


Message History

You thump the hobgoblin!
You kill the hobgoblin!
Things that are here:
a club; a hobgoblin corpse You now have 106 gold pieces (gained 15).
An ogre comes into view. It is wielding a great mace.
Found 16 stones and 9 gold pieces.
Drink which item? (? for menu, Esc to quit)
Okay, then.
You barely miss the ogre. The ogre hits you with a great mace!
You barely miss the ogre. The ogre hits you with a great mace.
The ogre barely misses you.
You barely miss the ogre. The ogre closely misses you.
You barely miss the ogre. The ogre hits you but does no damage.
You hit the ogre.
The ogre is lightly wounded.
The ogre hits you with a great mace!
* * * LOW HITPOINT WARNING * * *
The ogre hits you with a great mace!
You die...

#.# .# ## #.# .#
##.##.# .# #
####...#.####.##.#..
+......).............
####.....###.........
##....# #.###.##..
##...# #.# ##.## #@#
#.# #O# #.# #.# #.#
#.# #.# #.. . #($ #.#
#.# #.#


You could see an ogre.

Vanquished Creatures
  A hound (D:4)
  An orc priest (D:4)
  A gnoll shaman (D:3)
  A worker ant (D:4)
  A gnoll (D:3)
  4 adders (D:2)
  2 giant mites (D:1)
  A worm (D:3)
  A giant gecko (D:1)
  8 orcs
  12 goblins
  9 hobgoblins
  7 jackals
  A ball python (D:4)
  10 bats
  3 giant cockroaches
  6 giant newts
  4 kobolds
  4 rats
77 creatures vanquished.

Notes
Turn   | Place    | Note
--------------------------------------------------------------
     0 | D:1      | Impy, the Formicid Wanderer, began the quest for the Orb.
     0 | D:1      | Reached XP level 1. HP: 16/16 MP: 1/1
    87 | D:1      | Yermak: всё, мой самый первый муравей держался на удивление долго.
    99 | D:1      | Impy: :D
    99 | D:1      | Impy: ну да стазис конечно ппц
    99 | D:1      | Reached XP level 2. HP: 17/21 MP: 2/2
   154 | D:1      | Yermak: Возмонил себя терминатором и нарвался на трёх мамб
   188 | D:1      | Yermak: У него практически бесплатный абильник копать
   272 | D:1      | Reached XP level 3. HP: 21/25 MP: 3/3
   526 | D:2      | Reached XP level 4. HP: 27/31 MP: 4/4
   550 | D:2      | Gained mutation: Your flesh is heat resistant. [potion of beneficial mutation]
   570 | D:2      | Reached skill level 1 in Shields
  1026 | D:2      | Reached XP level 5. HP: 31/35 MP: 5/5
  1587 | D:3      | Noticed Sigmund
  1591 | D:3      | You fall through a shaft!
  1683 | D:4      | Reached XP level 6. HP: 31/41 MP: 7/7
  1726 | D:4      | Reached skill level 5 in Fighting
  1737 | D:4      | Gained mutation: Your muscles are strong. (Str +2) [potion of mutation]
  1737 | D:4      | Gained mutation: Your vision is a little blurry. [potion of mutation]
  1737 | D:4      | Gained mutation: You are resistant to electric shocks. [potion of mutation]
  2136 | D:4      | Noticed an ogre
  2144 | D:4      | Mangled by an ogre

Action                   |  1- 3 |  4- 6 || total
-------------------------+-------+-------++-------
Melee: Mace              |    66 |   154 ||   220
       Giant spiked club |       |    20 ||    20
 Abil: Shaft Self        |       |     1 ||     1
  Use: Scroll            |     7 |     1 ||     8
       Potion            |     1 |     4 ||     5
